General information
- name: BNet
- type: Ladder 1vs1/FFA
- host: Battle.net
- saver: 7.30
map: TerenasStand
- players: 2
- length: 18:17
- speed: Fast
- version: 1.24 W3XP
- replay type: Public
» download(54 KB)
Players
team 1 (winner)
7.30 (
red | 82 APM | 1498 actions | 18:17)
6 Archmage
2 Summon Water Elemental
3 Brilliance Aura
1 Mass Teleport
4 Beastmaster
2 Summon Quilbeast
2 Summon Hawk
» actions
| Assign group hotkey | 86 | |
| Basic commands | 88 | |
| Build / train | 99 | |
| ESC pressed | 2 | |
| Enter build submenu | 51 | |
| Enter hero's abilities submenu | 10 | |
| Give item / drop item | 1 | |
| Right click | 514 | |
| Select / deselect | 358 | |
| Select group hotkey | 149 | |
| Use ability | 140 | |
1498 total
» units
| Peasant | 18 | |
| Footman | 8 | |
| Goblin Shredder | 2 | |
| Rifleman | 8 | |
| Sorceress | 2 | |
| Dragonhawk Rider | 3 | |
| Mortar Team | 2 | |
43 total
» upgrades
| Defend | 1 | |
| Sorceress Training | 1 | |
| Cloud | 1 | |
| Animal War Training | 1 | |
4 total
» buildings
| Altar of Kings | 1 | |
| Farm | 14 | |
| Barracks | 2 | |
| Scout Tower | 20 | |
| Arcane Tower | 5 | |
| Lumber Mill | 1 | |
| Town Hall | 1 | |
| Arcane Vault | 2 | |
| Guard Tower | 15 | |
| Blacksmith | 1 | |
| Keep | 1 | |
| Arcane Sanctum | 2 | |
| Gryphon Aviary | 2 | |
| Workshop | 1 | |
| Castle | 1 | |
69 total
» build order
00:05 Altar of Kings
00:13 Farm
00:41 Barracks
01:12 Farm
01:21 Farm
01:40 Scout Tower
02:19 Arcane Tower
03:33 Lumber Mill
03:52 Town Hall
04:05 Scout Tower
04:33 Arcane Tower
05:05 Scout Tower
05:07 Scout Tower
05:14 Arcane Vault
05:33 Arcane Tower
05:42 Guard Tower
06:03 Guard Tower
06:05 Scout Tower
06:06 Scout Tower
06:10 Farm
06:26 Scout Tower
06:26 Scout Tower
06:27 Scout Tower
06:38 Arcane Tower
06:49 Guard Tower
06:52 Farm
06:58 Guard Tower
06:59 Guard Tower
07:00 Guard Tower
07:00 Guard Tower
07:06 Guard Tower
07:26 Blacksmith
07:28 Keep
08:43 Barracks
08:46 Farm
08:47 Farm
08:48 Farm
08:50 Farm
08:51 Farm
09:18 Farm
09:19 Farm
09:24 Scout Tower
09:24 Scout Tower
09:58 Arcane Sanctum
10:26 Arcane Sanctum
11:03 Farm
12:18 Guard Tower
12:57 Gryphon Aviary
12:58 Gryphon Aviary
14:11 Scout Tower
14:12 Scout Tower
14:13 Scout Tower
14:14 Scout Tower
14:14 Scout Tower
14:18 Workshop
14:32 Farm
14:39 Guard Tower
14:41 Guard Tower
14:41 Guard Tower
14:43 Guard Tower
14:44 Arcane Tower
15:11 Arcane Vault
15:13 Scout Tower
15:14 Scout Tower
15:25 Castle
15:54 Guard Tower
17:12 Scout Tower
17:14 Scout Tower
17:50 Guard Tower
» items
| Scroll of Regeneration | 3 | |
| Lesser Clarity Potion | 2 | |
| Mechanical Critter | 1 | |
| Scroll of Town Portal | 2 | |
| Potion of Healing | 4 | |
| Potion of Mana | 1 | |
13 total
team 2 (loser)
morktheorc3 (
pink | 34 APM | 621 actions | 18:15)
3 Mountain King
2 Storm Bolt
1 Bash
» actions
| Assign group hotkey | 17 | |
| Basic commands | 63 | |
| Build / train | 62 | |
| Enter build submenu | 26 | |
| Enter hero's abilities submenu | 3 | |
| Give item / drop item | 2 | |
| Right click | 5 | |
| Select / deselect | 188 | |
| Select group hotkey | 174 | |
| Use ability | 81 | |
621 total
» units
| Peasant | 11 | |
| Footman | 9 | |
| Goblin Shredder | 1 | |
| Gryphon Rider | 12 | |
33 total
» upgrades
| Masonry | 3 | |
| Storm Hammers | 1 | |
| Animal War Training | 1 | |
| Armor | 1 | |
| Swords | 1 | |
7 total
» buildings
| Altar of Kings | 2 | |
| Farm | 8 | |
| Barracks | 2 | |
| Scout Tower | 8 | |
| Lumber Mill | 1 | |
| Arcane Vault | 1 | |
| Guard Tower | 8 | |
| Keep | 1 | |
| Town Hall | 1 | |
| Castle | 1 | |
| Gryphon Aviary | 2 | |
| Blacksmith | 1 | |
36 total
» build order
00:25 Altar of Kings
00:38 Farm
00:53 Altar of Kings
00:59 Barracks
01:12 Barracks
01:17 Scout Tower
01:41 Lumber Mill
01:47 Farm
02:02 Farm
02:41 Arcane Vault
02:44 Guard Tower
02:53 Farm
03:34 Farm
03:53 Keep
06:33 Scout Tower
06:39 Scout Tower
06:45 Scout Tower
06:50 Scout Tower
06:56 Town Hall
07:11 Guard Tower
07:12 Guard Tower
07:18 Guard Tower
07:22 Guard Tower
07:37 Castle
08:40 Scout Tower
08:44 Scout Tower
08:58 Gryphon Aviary
09:02 Gryphon Aviary
09:21 Guard Tower
09:23 Guard Tower
09:25 Scout Tower
09:44 Farm
10:02 Guard Tower
10:27 Farm
10:38 Blacksmith
11:09 Farm
» items
| Scroll of Regeneration | 5 | |
| Lesser Clarity Potion | 2 | |
| Potion of Mana | 1 | |
8 total
Chat log
(15:38 / All) morktheorc3: nice hack
(15:41 / All) 7.30: lol?
(15:45 / All) morktheorc3: it cost yoru account you stupid shit
(15:47 / All) morktheorc3: lol
(15:48 / All) morktheorc3: giggle
(15:50 / All) 7.30: what hack would that be
(15:51 / All) morktheorc3: your banned cunt
(15:52 / All) morktheorc3: get it
(15:56 / All) 7.30: your personal banlist
(15:57 / All) morktheorc3: fuck you yoyu stupid selifsh shit
(16:02 / All) 7.30: is going to keep me out of ladder games?
(16:10 / All) 7.30: lol cry more
(16:15 / All) morktheorc3: try and make it realisitic you dumb fuck
(16:21 / All) 7.30: make what realistic
(16:22 / All) morktheorc3: who do you think your fooling anyone goof
(16:23 / All) 7.30: lol
(16:24 / All) morktheorc3: giggle
(16:26 / All) morktheorc3: fucky ou
(16:27 / All) morktheorc3: loll
(16:29 / All) morktheorc3: idiot
(16:29 / All) 7.30: so mad...
(16:36 / All) morktheorc3: 10000 men
(16:37 / All) morktheorc3: retard
(16:39 / All) 7.30: um
(16:41 / All) 7.30: 72 food
(16:42 / All) morktheorc3: you cant make them that fast
(16:42 / All) 7.30: actually
(16:44 / All) morktheorc3: stupid fuck
(16:47 / All) morktheorc3: looooooool
(16:49 / All) 7.30: double barracks, fast expo, angry noob
(16:51 / All) morktheorc3: retard
(16:55 / All) 7.30: replay's there for ya
(16:59 / All) morktheorc3: dumb fuck double hack
(17:02 / All) morktheorc3: what a stupid cunt
(17:03 / All) 7.30: question: how have you played over 1000 games and) suck this bad?
(17:11 / All) morktheorc3: replays all you got now asshole\
(17:19 / All) 7.30: that and the truth...
(17:24 / All) morktheorc3: then why are you BANNED YOU DUMB SHIT
(17:29 / All) 7.30: banned, from what/
(17:32 / All) morktheorc3: AND THATS THE TRUTH YOU DUMB FUCK
(17:33 / All) 7.30: i want to know lol
(17:34 / All) 7.30: im curious
(17:36 / All) morktheorc3: CAN YOU READ ASSHOLE
(17:45 / All) 7.30: i can read an angry permanoob
(17:46 / All) 7.30: who lost
(17:47 / All) morktheorc3: OK
(17:48 / All) 7.30: and cant stand it
(17:53 / All) 7.30: lol
(17:56 / All) morktheorc3: LETS SPELL IT OUT FOR YOU ASSHOLE
(17:58 / All) morktheorc3: YOU
(17:59 / All) morktheorc3: U
(18:00 / All) morktheorc3: R
(18:03 / All) morktheorc3: BANNED
(18:04 / All) 7.30: NO U
(18:06 / All) morktheorc3: FROM BNET
(18:08 / All) morktheorc3: GET IT
(18:10 / All) morktheorc3: DUH
(18:12 / All) morktheorc3: FUCK YOU